 Dungeon Crawl Stone Soup version 0.19.1 (webtiles) character file.

165 kengeki the Gusty (level 5, 0/28 HPs)
             Began as a Tengu Air Elementalist on Dec 19, 2016.
             Slain by an orc
             ... wielding a +0 mace
              (3 damage)
             ... on level 3 of the Dungeon.
             The game lasted 00:22:36 (3013 turns).

kengeki the Gusty (Tengu Air Elementalist)          Turns: 3013, Time: 00:22:37

Health: 0/28       AC:  6    Str:  9    XL:     5   Next: 46%
Magic:  3/9        EV: 12    Int: 16    God:
Gold:   199        SH:  0    Dex: 14    Spells: 2 memorised, 4 levels left

rFire  . . .     SeeInvis .     a - +0 dagger (protect)
rCold  . . .     Gourm    .     f - +1 robe
rNeg   . . .     Faith    .     (no shield)
rPois  .         Spirit   .     (helmet restricted)
rElec  .         Reflect  .     e - +2 cloak
rCorr  .         Harm     .     (no gloves)
MR     .....                    (boots unavailable)
Stlth  ++........               (no amulet)
                                (no ring)
                                (no ring)

@: no status effects
A: beak, talons 3, able to fly 1
a: Fly


You were on level 3 of the Dungeon.
You were not hungry.

You visited 1 branch of the dungeon, and saw 3 of its levels.

You collected 199 gold pieces.

Inventory:

Hand Weapons
 a - a +0 dagger of protection (weapon)
 b - a +0 dagger of speed
 m - a +0 mace of draining
 r - a +2 dagger of venom
Missiles
 i - 69 arrows
Armour
 e - a +2 cloak (worn)
 f - a +1 robe (worn)
Wands
 j - a wand of acid (8/15)
 p - a wand of lightning (8/15)
Potions
 o - a potion of might
Books
 d - a book of Air

   Spells                             Type                      Level
   a - Shock                          Conjuration/Air              1
   b - Swiftness                      Charms/Air                   2
   c - Repel Missiles                 Charms/Air                   2
   d - Static Discharge               Conjuration/Air              3
   e - Lightning Bolt                 Conjuration/Air              5
Comestibles
 c - 5 bread rations
 g - 2 royal jellies
 h - 3 meat rations
 l - 3 beef jerkies
 n - a slice of pizza
 s - 3 chunks of flesh


   Skills:
 - Level 2.1 Dodging
 - Level 2.0 Stealth
 - Level 2.0 Spellcasting
 + Level 4.5 Conjurations
 + Level 6.0 Air Magic
 + Level 1.5 Evocations


You had 4 spell levels left.
You knew the following spells:

 Your Spells              Type           Power        Failure   Level  Hunger
d - Static Discharge      Conj/Air       ###.....     10%         3    ###....
s - Shock                 Conj/Air       ###.         2%          1    #......


Dungeon Overview and Level Annotations

Branches:
Dungeon (3/15)

Altars:


Innate Abilities, Weirdness & Mutations

You have a beak for a mouth.
You have claws for feet.
You can fly.


Message History

Unknown command.
You see here an adder corpse.
The orc priest invokes the aid of Beogh against you.
Beogh smites you!
Ouch! That really hurt!
* * * LOW HITPOINT WARNING * * *
Okay, then.
Unknown command.
Okay, then.
As you read the scroll labeled WORPHAB ESHRI, it crumbles to dust.
You hear a loud clanging noise!
It was a scroll of noise.
You hear a shout!
You hear an angry hiss.
You hear a shout!
The orc hits you but does no damage.
The orc priest casts a cantrip, but nothing happens.
A quokka comes into view.
As you read the scroll labeled XYPOCO IMEWOFA, it crumbles to dust.
The scroll dissolves into smoke.
It was a scroll of fog.
The orc hits you with a mace.
You die...

........#..
#r##
...........
#..
........#..
##..
...........
#...
...).......
#..#
........###
#§§#
........# #
#§§#
........###
#§@#
.###.....#
#§o# ...#...
#§§# #.#...
#..# #..###
#..# .##.###
#..# .......
#.o#
......##....
#..#
.......#.....
#..#
.......#.....


You could see an orc.

Vanquished Creatures
  An orc priest (D:3)
  5 adders
  3 dart slugs
  4 leopard geckos
  8 orcs (D:3)
  3 ball pythons
  3 giant cockroaches
  10 hobgoblins
  2 kobolds
  A quokka (D:3)
  12 bats
  7 frilled lizards
  7 goblins
  7 rats
73 creatures vanquished.

Notes
Turn   | Place    | Note
-------+----------+-------------------------------------------
     0 | D:1      | kengeki the Tengu Air Elementalist began the quest for the Orb.
     0 | D:1      | Reached XP level 1. HP: 10/10 MP: 4/4
   305 | D:1      | Reached XP level 2. HP: 15/15 MP: 4/6
   606 | D:1      | Reached XP level 3. HP: 19/19 MP: 4/7
   611 | D:1      | Learned a level 3 spell: Static Discharge
   795 | D:1      | Reached skill level 5 in Air Magic
  1801 | D:2      | Reached XP level 4. HP: 24/24 MP: 4/8
  2363 | D:3      | Reached skill level 1 in Evocations
  2654 | D:3      | Gained mutation: You can fly. [Tengu growth]
  2654 | D:3      | Reached XP level 5. HP: 24/28 MP: 3/9
  3008 | D:3      | Reached skill level 6 in Air Magic
  3013 | D:3      | Slain by an orc

Skill      XL: |  1  2  3  4  5 |
---------------+----------------+-----
Conjurations   | 2 3 4 |  4.5
Air Magic      | 5 6 |  6.0
Evocations     | 1 |  1.5
Dodging        | |  2.1
Stealth        | |  2.0
Spellcasting   | |  2.0

Action                   |  1- 3 |  4- 6 || total
-------------------------+-------+-------++-------
Melee: Short sword       |     1 |       ||     1
 Cast: Shock             |    74 |    63 ||   137
       Static Discharge  |       |     3 ||     3
  Use: Scroll            |     2 |     4 ||     6
       Potion            |     1 |     1 ||     2
  Eat: Chunk             |     4 |     5 ||     9
Armor: Robe              |     9 |     9 ||    18
Dodge: Dodged            |    16 |    15 ||    31
